 Dungeon Crawl Stone Soup version 0.20-a0-1056-g7622305 (webtiles) character file.

153 EvilAshe the Firebug (level 5, -1/35 HPs)
             Began as a Demonspawn Fire Elementalist on Apr 26, 2017.
             Slain by an orc
             ... wielding a +0 hand axe
              (8 damage)
             ... on level 3 of the Dungeon.
             The game lasted 00:12:25 (3810 turns).

EvilAshe the Firebug (Demonspawn Fire Elementalist) Turns: 3810, Time: 00:12:26

Health: -1/35      AC:  2    Str:  9    XL:     5   Next: 12%
Magic:  6/9        EV: 12    Int: 17    God:
Gold:   138        SH:  0    Dex: 13    Spells: 1/9 levels left

rFire    . . .     SeeInvis .   p - +0 flail
rCold    + . .     Gourm    .   (no shield)
rNeg     . . .     Faith    .   a - +0 robe
rPois    .         Spirit   .   (helmet restricted)
rElec    .         Reflect  .   (no cloak)
rCorr    .         Harm     .   (no gloves)
MR       .....                  (no boots)
Stlth    ++........             (no amulet)
Regen    0.2/turn               j - ring of flight
MPRegen  0.2/turn               n - ring of protection from cold

@: no status effects
A: antennae 1, claws 1, demonic guardian 1
a: Evoke Flight


You were on level 3 of the Dungeon.
You were not hungry.

You visited 1 branch of the dungeon, and saw 4 of its levels.

You collected 138 gold pieces.

Inventory:

Hand Weapons
 p - a +0 flail (weapon)
Armour
 a - a +0 robe (worn)
Jewellery
 j - a ring of flight (left claw)
 n - a ring of protection from cold (right claw)
Scrolls
 d - a scroll of magic mapping {unknown}
 e - 2 scrolls of teleportation
 f - 2 scrolls of identify
 k - a scroll of enchant armour {unknown}
 l - a scroll of amnesia {unknown}
 m - a scroll of blinking {unknown}
 r - a scroll of enchant weapon {unknown}
 s - a scroll of recharging {unknown}
Potions
 h - 2 potions of flight
 i - a potion of might
 t - a potion of degeneration {unknown}
Books
 b - a book of Flames

   Spells                             Type                      Level
   a - Flame Tongue                   Conjuration/Fire             1
   b - Throw Flame                    Conjuration/Fire             2
   c - Conjure Flame                  Conjuration/Fire             3
   d - Inner Flame                    Hexes/Fire                   3
   e - Sticky Flame                   Conjuration/Fire             4
   f - Fireball                       Conjuration/Fire             5
 o - a Grand Grimoire

   Spells                             Type                      Level
   a - Monstrous Menagerie            Summoning                    7
   b - Summon Greater Demon           Summoning                    7
   c - Malign Gateway                 Summoning/Translocation      7
   d - Summon Horrible Things         Summoning                    8
 v - a book of Clouds

   Spells                             Type                      Level
   a - Poisonous Vapours              Poison/Air                   2
   b - Mephitic Cloud                 Conjuration/Poison/Air       3
   c - Conjure Flame                  Conjuration/Fire             3
   d - Freezing Cloud                 Conjuration/Ice/Air          6
   e - Ring of Flames                 Charms/Fire                  7
Comestibles
 c - 3 bread rations
 g - 5 fruits
 q - 2 meat rations
 u - 6 chunks of flesh


   Skills:
 - Level 1.7 Dodging
 - Level 1.7 Stealth
 + Level 2.6 Spellcasting
 * Level 3.1 Conjurations
 * Level 4.1 Fire Magic


You had one spell level left.
You knew the following spells:

 Your Spells              Type           Power        Failure   Level  Hunger
a - Flame Tongue          Conj/Fire      ##...        4%          1    #......
c - Conjure Flame         Conj/Fire      ##......     12%         3    ###....
s - Sticky Flame          Conj/Fire      ##......     38%         4    #####..


Dungeon Overview and Level Annotations

Branches:
Dungeon (4/15)
 Temple: D:4-7

Altars:
Elyvilon
Xom

Annotations:
D:3 EvilAshe's ghost, amateur OpCj
D:4 Rrauwl's ghost, amateur GnWz


Innate Abilities, Weirdness & Mutations

You have a pair of small antennae on your head.
You have sharp fingernails.
A weak demonic guardian rushes to your aid.


Message History

The flame tongue misses EvilAshe's ghost.
EvilAshe's ghost closely misses you. EvilAshe's ghost casts a spell at you.
The magic dart hits you!
The orc shouts!
EvilAshe's ghost casts a spell at you. The magic dart hits you!
* * * LOW HITPOINT WARNING * * *
The orc completely misses your white imp.
Your white imp misses the orc.
Something hits your white imp but does no damage.
Your white imp gestures at EvilAshe's ghost.
The puff of frost hits EvilAshe's ghost.
EvilAshe's ghost hits your white imp!
Your white imp gestures at EvilAshe's ghost.
The puff of frost hits EvilAshe's ghost.
You swap places.
The orc barely misses you. The orc hits you with a hand axe!
You die...

.### #####.##.##........# #...#
.# #.....##.##..#####.###...###
.# #............#####..........
.# #.........##.##.W...........
.### #.....##..##.##{##..........
...# #.....##..##5##.##.###...###
.#.# ########..##.W.....# #...#
.#.# ###..#####o#### #...# .#.#
#.(..5@# #.# #...#
##.########.#..#o###.#######.####
##.##.......#..#........#......##
...##.####..#......o..#.#.##.#.##
#####.# #.....#.##.#.#.#.#....##
...>..# ##.####.#..)............
####### #...........#.#........
#####..#..#.#.#.......#
#.........#........


You could see an orc and a friendly ufetubus.

Vanquished Creatures
  An iguana (D:4)
  6 adders
  A dart slug (D:3)
  2 leopard geckos
  2 ball pythons
  7 bats
  4 giant cockroaches
  12 goblins
  11 hobgoblins
  5 jackals (D:3)
  5 kobolds
  5 frilled lizards
  6 rats
67 creatures vanquished.

Vanquished Creatures (collateral kills)
  A kobold (D:3)
1 creature vanquished.

Grand Total: 68 creatures vanquished

Notes
Turn   | Place    | Note
-------+----------+-------------------------------------------
     0 | D:1      | EvilAshe the Demonspawn Fire Elementalist began the quest for the Orb.
     0 | D:1      | Reached XP level 1. HP: 13/13 MP: 3/3
   239 | D:1      | Gained mutation: A weak demonic guardian rushes to your aid. [demonic ancestry]
   239 | D:1      | Reached XP level 2. HP: 19/19 MP: 0/5
   644 | D:1      | Reached skill level 3 in Fire Magic
  1254 | D:2      | Gained mutation: You have a pair of small antennae on your head. [demonic ancestry]
  1254 | D:2      | Reached XP level 3. HP: 24/24 MP: 3/6
  1287 | D:2      | Learned a level 3 spell: Conjure Flame
  1448 | D:2      | Found a white marble altar of Elyvilon.
  1739 | D:2      | Reached XP level 4. HP: 30/30 MP: 2/7
  1803 | D:2      | Found a shimmering altar of Xom.
  2031 | D:3      | Noticed EvilAshe's ghost (amateur OpCj)
  2815 | D:3      | Learned a level 4 spell: Sticky Flame
  2823 | D:4      | Reached skill level 4 in Fire Magic
  2855 | D:4      | Noticed Rrauwl's ghost (amateur GnWz)
  3325 | D:4      | HP: 1/30 [adder (1)]
  3327 | D:3      | Gained mutation: You have sharp fingernails. [demonic ancestry]
  3327 | D:3      | Reached XP level 5. HP: 1/35 MP: 7/9
  3810 | D:3      | Slain by an orc

Vault maps used:
D:1:      onia_arrival_pyramid, minmay_misc_feat_roman
D:2:      lemuel_coloured_pillars_altar, elyvilon_altar_1

Skill      XL: |  1  2  3  4  5 |
---------------+----------------+-----
Fire Magic     | 3 4 |  4.1
Conjurations   | 2 3 |  3.1
Dodging        | |  1.7
Stealth        | |  1.7
Spellcasting   | |  2.6

Action                   |  1- 3 |  4- 6 || total
-------------------------+-------+-------++-------
Melee: Unarmed           |    39 |     5 ||    44
       Flail             |       |     2 ||     2
 Cast: Flame Tongue      |    77 |    71 ||   148
  Use: Scroll            |       |     3 ||     3
  Eat: Chunk             |     4 |     6 ||    10
Armor: Robe              |     9 |     4 ||    13
Dodge: Dodged            |    36 |    34 ||    70
